Map: Яганната РВ

Players

MrMiyagi

  • Race: Protoss Protoss
  • League: Master
  • Spawn Location: 1:00

Hawk - Winner!

  • Race: Protoss Protoss
  • League: Master
  • Spawn Location: 7:00

VOD

Have the link to the VOD?

Description

Time

  • Played on: Jan. 29, 2021, 11:03 p.m.
  • Length: 7:57
Show
View Real Time Build Order
Export as new Build Order

MrMiyagi Protoss 

Build Orders: 1 Gate Expand 

Get SALT Encoding   

  12  0:00  Probe  
  13  0:12  Probe  
  14  0:18  Pylon  
  14  0:24  Probe (Chrono Boost)  
  15  0:37  Probe (Chrono Boost)  
  15  0:38  Gateway  
  16  0:44  Probe (Chrono Boost)  
  16  0:47  Assimilator  
  17  0:51  Probe  
  18  1:03  Probe  
  19  1:15  Probe  
  20  1:24  Nexus  
  20  1:34  Cybernetics Core  
  20  1:38  Probe  
  21  1:43  Assimilator  
  21  1:50  Probe  
  21  1:51  Pylon  
  22  2:02  Probe  
  22  2:07  Stalker (Chrono Boost)  
  23  2:15  Probe  
  26  2:27  Probe  
  26  2:28  Stargate  
  27  2:32  Stalker (Chrono Boost)  
  29  2:38  Shield Battery  
  29  2:39  Probe  
  29  2:44  Probe  
  30  2:50  Shield Battery  
  30  2:51  Probe  
  30  2:56  Probe  
  32  3:03  Shield Battery  
  32  3:04  Void Ray (Chrono Boost)  
  32  3:19  Forge  
  36  3:25  Probe x2  
  38  3:30  Shield Battery  
  38  3:37  Warp Gate, Probe (Chrono Boost)  
  40  3:42  Probe (Chrono Boost)  
  41  3:48  Probe (Chrono Boost)  
  41  3:49  Pylon  
  41  3:52  Probe (Chrono Boost)  
  41  3:53  Probe (Chrono Boost), Photon Cannon  
  43  4:01  Probe  
  44  4:04  Probe  
  44  4:06  Twilight Council  
  45  4:15  Pylon  
  48  4:25  Robotics Facility  
  45  4:34  Assimilator  
  45  4:37  Assimilator  
  45  4:39  Pylon  
  45  4:52  Gateway  
  45  4:54  Gateway  
  45  5:12  Observer (Chrono Boost)  
  46  5:16  Pylon  
  46  5:17  Probe  
  46  5:18  Pylon  
  48  5:26  Twilight Council  
  47  5:36  Probe  
  47  5:41  Nexus  
  48  5:45  Pylon  
  48  5:51  Pylon  
  48  5:59  Stalker x3  
  54  6:04  Dark Shrine  
  54  6:05  Probe  
  55  6:17  Probe  
  56  6:30  Probe  
  53  6:40  Immortal (Chrono Boost)  
  53  6:42  Probe  
  58  6:53  Shield Battery  
  58  6:54  Probe  
  59  6:59  Stalker x2  
  63  7:03  Stalker  
  63  7:06  Probe  
  66  7:11  Probe  
  66  7:18  Probe  
  67  7:23  Probe  
  67  7:24  Stalker x2  
  68  7:35  Stalker  
  52  7:48  Stalker  
Show
View Real Time Build Order
Export as new Build Order

Hawk Protoss - Winner!

Build Orders: Zealot Archon, Dark Templar Rush 

Get SALT Encoding   

  12  0:00  Probe  
  13  0:12  Probe  
  14  0:17  Pylon  
  14  0:24  Probe (Chrono Boost)  
  16  0:37  Probe (Chrono Boost)  
  16  0:38  Gateway  
  16  0:43  Probe (Chrono Boost)  
  16  0:46  Assimilator  
  17  0:51  Probe  
  17  0:55  Assimilator  
  18  1:03  Probe (Chrono Boost)  
  19  1:07  Gateway  
  19  1:14  Probe (Chrono Boost)  
  20  1:19  Probe  
  21  1:27  Cybernetics Core  
  21  1:31  Probe  
  22  1:42  Pylon  
  22  1:43  Probe  
  24  2:06  Adept x2  
  27  2:08  Warp Gate  
  27  2:11  Twilight Council  
  27  2:20  Robotics Facility  
  27  2:48  Dark Shrine  
  27  2:55  Nexus  
  27  3:08  Warp Prism (Chrono Boost)  
  29  3:18  Pylon  
  29  3:29  Probe  
  30  3:36  Immortal (Chrono Boost)  
  34  3:44  Probe  
  35  4:06  Dark Templar x2  
  35  4:08  Probe  
  40  4:16  Immortal (Chrono Boost)  
  40  4:20  Probe  
  43  4:26  Probe  
  44  4:32  Probe  
  45  4:38  Probe  
  45  4:43  Twilight Council  
  45  4:44  Probe  
  47  4:45  Pylon  
  47  4:56  Probe  
  48  5:00  Probe  
  48  5:03  Stalker x2  
  53  5:08  Probe  
  53  5:12  Probe  
  53  5:14  Blink (Chrono Boost)  
  55  5:20  Probe, Pylon  
  56  5:24  Probe  
  57  5:28  Pylon  
  57  5:31  Assimilator  
  57  5:32  Probe, Assimilator  
  57  5:35  Archon  
  58  5:36  Probe  
  59  5:44  Stalker, Probe  
  59  5:45  Stalker  
  59  5:48  Probe  
  65  5:56  Probe  
  66  5:58  Warp Prism  
  66  6:00  Probe  
  69  6:05  Pylon  
  69  6:08  Probe  
  69  6:09  Stalker  
  72  6:12  Stalker  
  69  6:35  Stalker  
  69  6:36  Stalker  
  69  6:37  Probe x2  
  75  6:50  Probe  
  75  6:52  Nexus  
  75  6:53  Pylon  
  76  6:55  Gateway x2  
  76  7:02  Stalker  
  76  7:03  Stalker  
  74  7:35  Stalker x2  
  74  7:36  Probe x2  
Tags
 
Add a new tag
Caveats
  • Supply blocks, unpowered buildings, or Contaminate may cause inaccurate times.
  • Supply counts are checked every 10 seconds.